 Dungeon Crawl Stone Soup version 0.19-b1-5-gdc9fa9d (webtiles) character file.

176 Chiseanne the Charlatan (level 5, -3/41 HPs)
             Began as a Mummy Artificer on Oct 31, 2016.
             Slain by a goblin (4 damage)
             ... led by Robin
             ... on level 2 of the Dungeon.
             The game lasted 00:06:39 (3832 turns).

Chiseanne the Charlatan (Mummy Artificer)           Turns: 3832, Time: 00:06:40

Health: -3/41      AC:  3    Str: 19    XL:     5   Next: 30%
Magic:  7/7        EV: 13    Int: 10    God:
Gold:   81         SH:  0    Dex: 14    Spells: 0 memorised, 4 levels left

rFire  x . .     SeeInvis .     j - +0 mace
rCold  + . .     Gourm    .     b - +0 leather armour
rNeg   + + +     Faith    .     (no shield)
rPois  ∞         Spirit   .     (no helmet)
rElec  .         Reflect  .     (no cloak)
rCorr  .         Harm     .     (no gloves)
MR     .....                    (no boots)
Stlth  +.........               m - amulet of magic regeneration
                                (no ring)
                                g - +4 ring of strength

@: no status effects
A: no food or potions, fire vulnerability, cold resistance 1, negative energy
resistance 3, torment resistance, unbreathing
a: no special abilities


You were on level 2 of the Dungeon.
You were not hungry.

You visited 1 branch of the dungeon, and saw 2 of its levels.

You collected 81 gold pieces.

Inventory:

Hand Weapons
 j - a +0 mace (weapon)
Missiles
 f - 100 stones (quivered)
 l - 6 tomahawks
 n - 19 arrows
Armour
 b - a +0 leather armour (worn)
Jewellery
 g - a +4 ring of strength (left hand)
 m - an amulet of magic regeneration (around neck)
Wands
 c - a wand of flame (4/48)
 d - a wand of enslavement (11/24)
 e - a wand of random effects (4/48)
Scrolls
 a - 2 scrolls of identify {unknown}
 h - a scroll of recharging {unknown}
 i - a scroll of enchant weapon {unknown}
 k - a scroll of fear {unknown}
 o - a scroll of noise {unknown}
 p - a scroll of enchant armour {unknown}


   Skills:
 * Level 3.0 Fighting
   Level 0.7 Short Blades
 * Level 3.0 Dodging
 - Level 0.7 Stealth
 * Level 3.4 Evocations


You had 4 spell levels left.
You didn't know any spells.

Dungeon Overview and Level Annotations

Branches:
Dungeon (2/15)

Altars:
Trog
Zin

Annotations:
D:2 1 runed door, Robin


Innate Abilities, Weirdness & Mutations

You do not eat or drink.
Your flesh is vulnerable to fire.
You are immune to poison.
Your flesh is cold resistant. (rC+)
You are immune to negative energy. (rN+++)
You are immune to unholy pain and torment.
You can survive without breathing.


Message History

Robin hits you from afar with a spear.
* * * LOW HITPOINT WARNING * * *
The hobgoblin misses you.
A goblin comes into view. It is wielding a dagger.
Evoke which item? (* to show all) (? for menu, Esc to quit)
Zapping:
d - a wand of enslavement (12/24)
Press: ? - help, Shift-Dir - straight line, f - goblin
Aim: a goblin, wielding a dagger (moderately wounded, unusually strong, chance to defeat MR: 70%)
The goblin is charmed.
This wand has 11 charges left.
The goblin hits you.
* * * LOW HITPOINT WARNING * * *
The goblin closely misses you. The goblin hits you with a club.
* * * LOW HITPOINT WARNING * * *
The hobgoblin barely misses you.
You swap places.
The goblin no longer looks unusually strong.
The goblin closely misses your goblin. Robin throws the goblin at you!
The goblin barely misses your goblin. The goblin closely misses your goblin.
There is an open door here.
The goblin hits you.
You die...

##.#.##.# ##.## #....
#....##.# #.# #.##.
#..####.# #.# #....
#..####.# ##'## #####
#..##.#.# ##...## #
#....#..# ##.....## ##
#.#.###.###.......## ##.
#..## ##g#.........####..
##..###.@'ggg<.....))....
##..#.###gg.......####..
##..## ##g......## ##.
##.# ##g....## #. #.#
##g..## #. #.# ##g## ##
#.# .g. #.# ##. #.# #


You could see Robin, a hobgoblin, 8 goblins and a friendly goblin.

Vanquished Creatures
  2 orc wizards (D:1)
  Natasha (D:2)
  4 adders
  A worm (D:2)
  2 dart slugs (D:2)
  A leopard gecko (D:1)
  2 orcs (D:1)
  9 goblins
  7 hobgoblins
  2 ball pythons (D:2)
  8 bats
  9 kobolds
  3 rats (D:1)
51 creatures vanquished.

Vanquished Creatures (collateral kills)
  A goblin (D:1)
  A kobold (D:1)
2 creatures vanquished.

Vanquished Creatures (others)
  A leopard gecko (D:1)
1 creature vanquished.

Grand Total: 54 creatures vanquished

Notes
Turn   | Place    | Note
-------+----------+-------------------------------------------
     0 | D:1      | Chiseanne the Mummy Artificer began the quest for the Orb.
     0 | D:1      | Reached XP level 1. HP: 15/15 MP: 2/2
   397 | D:1      | Reached XP level 2. HP: 15/21 MP: 3/3
  1351 | D:1      | Reached XP level 3. HP: 27/27 MP: 5/5
  1454 | D:1      | Reached XP level 4. HP: 13/33 MP: 6/6
  1848 | D:2      | Noticed Natasha
  2619 | D:2      | Found a runed door.
  2658 | D:2      | Killed Natasha
  2658 | D:2      | Reached XP level 5. HP: 19/40 MP: 7/7
  3069 | D:2      | Found a glowing silver altar of Zin.
  3557 | D:2      | Found a bloodstained altar of Trog.
  3819 | D:2      | Noticed Robin
  3830 | D:2      | HP: 1/41 [goblin/club[Robin] (3)]
  3832 | D:2      | Slain by a goblin

Skill      XL: |  1  2  3  4  5 |
---------------+----------------+-----
Dodging        | 2 3 |  3.0
Fighting       | 2 3 |  3.0
Evocations     | 3 |  3.4
Short Blades   | |  0.7
Stealth        | |  0.7

Action                   |  1- 3 |  4- 6 || total
-------------------------+-------+-------++-------
Melee: Short sword       |    31 |       ||    31
       Mace              |    44 |   116 ||   160
Evoke: Wand              |    12 |    14 ||    26
 Stab: Sleeping          |     1 |     1 ||     2
       Confused          |     2 |       ||     2
       Paralysed         |       |     4 ||     4
Armor: Leather armour    |    19 |    36 ||    55
Dodge: Dodged            |    46 |   104 ||   150
